 Dungeon Crawl Stone Soup version 0.29.0-13-gc9e81de378 (webtiles) character file.

Game seed: 2413925378364223721

138 fingers the Spear-Bearer (level 5, -5/37 HPs)
             Began as a Gnoll Wanderer on Sept 7, 2022.
             Was a Plaything of Xom.
             Slain by a goblin
             ... wielding a +1 dagger of electrocution
              (12 damage)
             ... on level 4 of the Dungeon.
             The game lasted 00:06:50 (3331 turns).

fingers the Spear-Bearer (Gnoll Wanderer)           Turns: 3331, Time: 00:06:50

Health: -5/37      AC:  8    Str: 23    XL:     5   Next: 21%
Magic:  21/21      EV: 10    Int: 11    God:    Xom [...*..]
Gold:   153        SH:  0    Dex:  8    Spells: 11/14 levels left

rFire   . . .      SeeInvis .   a - +0 trident
rCold   . . .      Faith    .   (no shield)
rNeg    . . .      Spirit   .   o - +0 scale mail
rPois   .          Reflect  .   (no helmet)
rElec   .          Harm     .   (no cloak)
rCorr   .          Rampage  .   u - +0 pair of gloves
Will    .....                   (no boots)
Stlth   ..........              (no amulet)
HPRegen 0.12/turn               j - ring of magical power
MPRegen 0.17/turn               p - +6 ring of strength

@: about to teleport
A: fangs 1, strong nose, distributed training
a: Renounce Religion


You were on level 4 of the Dungeon.
You worshipped Xom.
You were a favourite toy of Xom.
You visited 1 branch of the dungeon, and saw 4 of its levels.

You collected 153 gold pieces.

Inventory:

Hand Weapons
 a - a +0 trident (weapon)
 b - a +0 hand axe
 r - a +0 spear
 v - the +9 sling of Onkoix {freeze, Int+2}
   (You found it on level 3 of the Dungeon)

   Any ammunition fired from it freezes those it strikes, dealing additional
   cold damage.
   It can also slow down cold-blooded creatures.
   Int:       It affects your intelligence (+2).
Armour
 c - a +0 ring mail
 o - a +0 scale mail (worn)
 u - a +0 pair of gloves (worn)
Jewellery
 j - a ring of magical power (left hand)
 p - a +6 ring of strength (right hand)
Scrolls
 e - 3 scrolls of identify {unknown}
 g - a scroll of enchant armour {unknown}
 h - 2 scrolls of brand weapon {unknown}
 i - 2 scrolls of poison {unknown}
 k - a scroll of acquirement {unknown}
 m - 2 scrolls of noise {unknown}
 n - 2 scrolls of fear {unknown}
Potions
 f - a potion of brilliance {unknown}
 l - 3 potions of haste {unknown}
 q - a potion of mutation {unknown}
 s - 2 potions of curing {unknown}
 t - a potion of lignification {unknown}


   Skills:
 + Level 1.4 Fighting
 + Level 1.4 Short Blades
 + Level 1.4 Long Blades
 + Level 4.8 Axes
 + Level 1.4 Maces & Flails
 + Level 8.6 Polearms
 + Level 1.4 Staves
 + Level 1.4 Ranged Weapons
 + Level 1.4 Throwing
 + Level 4.8 Armour
 + Level 1.4 Dodging
 + Level 1.4 Stealth
 + Level 1.4 Shields
 + Level 1.4 Unarmed Combat
 + Level 5.2 Spellcasting
 + Level 1.1 Conjurations
 + Level 1.1 Hexes
 + Level 1.1 Summonings
 + Level 1.1 Necromancy
 + Level 1.1 Translocations
 + Level 1.1 Transmutations
 + Level 1.1 Fire Magic
 + Level 1.1 Ice Magic
 + Level 1.1 Air Magic
 + Level 1.1 Earth Magic
 + Level 1.1 Poison Magic
 + Level 1.6 Invocations
 + Level 1.4 Evocations


You had 11 spell levels left.
You knew the following spells:

 Your Spells              Type           Power      Damage    Failure   Level
a - Summon Guardian Gole  Hex/Summ       5%         N/A       67%         3

Your spell library contained the following spells:

 Spells                   Type           Power      Damage    Failure   Level
 Orb of Destruction       Conj           2%         9d5       100%        7
 Spellforged Servitor     Conj/Summ      2%         N/A       100%        7


Dungeon Overview and Level Annotations

Branches:
Dungeon (4/15)
 Temple: D:4-7

Altars:
Xom


Innate Abilities, Weirdness & Mutations

You have very sharp teeth.
Your uncanny sense of smell can sniff out nearby items.
Your experience applies equally to all skills.


Message History

The gnoll bouda misses your crimson imp.
Your crimson imp hits the gnoll but does no damage.
The gnoll misses your crimson imp.
Your crimson imp disappears in a puff of smoke!
You see here 25 gold pieces.
Your surroundings suddenly seem different.
A hound comes into view.
Found a book of Necromancy.
Xom thinks this is hilarious!
The hound barks!
You hear a shout!
A goblin comes into view.
It is wielding a +1 dagger of electrocution.
The goblin shouts!
The hound bites you but does no damage.
You miss the hound.
The hound bites you but does no damage. x2
You hit the hound.
The hound is lightly wounded.
The hound bites you but does no damage.
You puncture the hound!
The hound is severely wounded.
A scorpion comes into view.
The hound bites you but does no damage.
You closely miss the hound.
The hound is severely wounded.
The hound bites you.
* * * LOW HITPOINT WARNING * * *
An orc comes into view. It is wielding a +0 flail.
The hound barely misses you.
You barely miss the hound.
The hound is severely wounded.
The orc shouts!
The hound closely misses you.
You puncture the hound!
You kill the hound!
You have reached level 5!
As you read the scroll of teleportation, it crumbles to dust.
You feel strangely unstable.
You hear the slow rusting of a drain nearby.
The goblin hits you but does no damage.
You are electrocuted!
You die...
Xom bursts into laughter!

.#.#
...#
#..#
##o.#
...
#.#
#s#
#g#
#@#
#.#
#.#
#.#
#.#
#.# ∆
..#
###


You could see a scorpion, an orc and a goblin.

Vanquished Creatures
  A hound (D:4)
  2 gnolls (D:4)
  3 adders
  A worm (D:2)
  A dart slug (D:1)
  An orc (D:3)
  6 endoplasms
  2 giant cockroaches
  5 goblins
  4 hobgoblins
  3 jackals (D:3)
  2 quokkas
  3 ball pythons
  3 bats
  A frilled lizard (D:3)
  8 kobolds
  2 rats
48 creatures vanquished.

Vanquished Creatures (collateral kills)
  A worm (D:4)
  An endoplasm (D:4)
2 creatures vanquished.

Grand Total: 50 creatures vanquished

Notes
Turn   | Place    | Note
-------+----------+-------------------------------------------
     0 | D:1      | fingers the Gnoll Wanderer began the quest for the Orb.
     0 | D:1      | fingers set off with the following items: a +0 trident, a
                  | +0 hand axe, a +0 ring mail, a scroll of teleportation.
     0 | D:1      | Reached XP level 1. HP: 13/13 MP: 6/6
   526 | D:1      | Reached XP level 2. HP: 19/19 MP: 7/7
  1183 | D:2      | Reached skill level 5 in Spellcasting
  1183 | D:2      | Reached XP level 3. HP: 4/25 MP: 9/9
  1304 | D:2      | Found a faded altar of an unknown god.
  1356 | D:2      | Prayed at the altar of an unknown god.
  1356 | D:2      | Became a worshipper of Xom of Chaos
  1401 | D:2      | Reached skill level 1 in Invocations
  1608 | D:2      | XOM: divination: detect creatures
  2083 | D:2      | XOM: divination: detect creatures
  2116 | D:3      | Reached skill level 1 in Fighting
  2116 | D:3      | Reached skill level 1 in Short Blades
  2116 | D:3      | Reached skill level 1 in Long Blades
  2116 | D:3      | Reached skill level 1 in Maces & Flails
  2116 | D:3      | Reached skill level 1 in Staves
  2116 | D:3      | Reached skill level 1 in Ranged Weapons
  2116 | D:3      | Reached skill level 1 in Throwing
  2116 | D:3      | Reached skill level 1 in Dodging
  2116 | D:3      | Reached skill level 1 in Stealth
  2116 | D:3      | Reached skill level 1 in Shields
  2116 | D:3      | Reached skill level 1 in Unarmed Combat
  2116 | D:3      | Reached skill level 1 in Evocations
  2231 | D:3      | Identified the +9 sling of Onkoix {freeze, Int+2}
  2285 | D:3      | XOM: 1-stop teleportation journey
  2298 | D:3      | Reached XP level 4. HP: 30/32 MP: 11/11
  2337 | D:3      | XOM: smoke on damage
  2559 | D:3      | XOM: god gift: 15 gold pieces
  2563 | D:3      | Found a shimmering altar of Xom.
  2920 | D:3      | XOM: god gift: 38 gold pieces
  2961 | D:3      | Reached skill level 1 in Conjurations
  2961 | D:3      | Reached skill level 1 in Hexes
  2961 | D:3      | Reached skill level 1 in Summonings
  2961 | D:3      | Reached skill level 1 in Necromancy
  2961 | D:3      | Reached skill level 1 in Translocations
  2961 | D:3      | Reached skill level 1 in Transmutations
  2961 | D:3      | Reached skill level 1 in Fire Magic
  2961 | D:3      | Reached skill level 1 in Ice Magic
  2961 | D:3      | Reached skill level 1 in Air Magic
  2961 | D:3      | Reached skill level 1 in Earth Magic
  2961 | D:3      | Reached skill level 1 in Poison Magic
  3156 | D:3      | Learned a level 3 spell: Summon Guardian Golem
  3294 | D:4      | XOM: summons 4 friendly demons
  3312 | D:4      | XOM: god gift: 25 gold pieces
  3327 | D:4      | Noticed a scorpion
  3331 | D:4      | Reached XP level 5. HP: 7/37 MP: 12/12
  3331 | D:4      | Slain by a goblin

Illustrated notes

Levels and vault maps discovered:
D:1:      lightli_iron_boxes, layout_basic, grunt_decor_cap, minmay_tromino_i2
D:2:      layout_rooms, shapermc_ecumenical_altar_acropolis
D:3:      layout_basic, overflow_temple_1_default
D:4:      layout_loops_ring, gup_sewer_entry_spiral, uniq_duvessa, uniq_menkaure

Skill      XL: |  1  2  3  4 |
---------------+-------------+-----
Spellcasting   | 5 |  5.2
Invocations    | 1 |  1.6
Fighting       | 1 |  1.4
Short Blades   | 1 |  1.4
Long Blades    | 1 |  1.4
Maces & Flails | 1 |  1.4
Staves         | 1 |  1.4
Ranged Weapons | 1 |  1.4
Throwing       | 1 |  1.4
Dodging        | 1 |  1.4
Stealth        | 1 |  1.4
Shields        | 1 |  1.4
Unarmed Combat | 1 |  1.4
Evocations     | 1 |  1.4
Conjurations   | 1 |  1.1
Hexes          | 1 |  1.1
Summonings     | 1 |  1.1
Necromancy     | 1 |  1.1
Translocations | 1 |  1.1
Transmutations | 1 |  1.1
Fire Magic     | 1 |  1.1
Ice Magic      | 1 |  1.1
Air Magic      | 1 |  1.1
Earth Magic    | 1 |  1.1
Poison Magic   | 1 |  1.1
Axes           | |  4.8
Polearms       | |  8.6
Armour         | |  4.8

Action                   |  1- 3 |  4- 6 || total
-------------------------+-------+-------++-------
Melee: Trident           |    84 |    70 ||   154
       Bite              |     5 |     5 ||    10
       Punch             |     1 |       ||     1
 Cast: Summon Guardian G |       |     1 ||     1
  Use: Potion            |     1 |       ||     1
       Scroll            |       |     2 ||     2
Armor: Ring mail         |    30 |       ||    30
       Scale mail        |    13 |    33 ||    46
Dodge: Dodged            |    41 |    40 ||    81
